 Dungeon Crawl Stone Soup version 0.31-a0-4-gefa6de2278 (webtiles) character file.

Game seed: 18422074924722545032

1303 Mgcat the Covered (level 8, -7/71 HPs)
             Began as an Armataur Fighter on Apr 28, 2023.
             Was a Believer of Okawaru.
             Mangled by Dowan
             ... wielding a +2 dagger of electrocution
              (18 damage)
             ... on level 5 of the Dungeon on May 3, 2023.
             The game lasted 00:10:20 (5276 turns).

Mgcat the Covered (Armataur Fighter)                Turns: 5276, Time: 00:10:21

Health: -7/71      AC: 12    Str: 21    XL:     8   Next: 31%
Magic:  8/8        EV:  6    Int:  8    God:    Okawaru [**....]
Gold:   269        SH:  5    Dex: 13    Spells: 7/7 levels left

rFire   . . .        h - +1 hammer (venom)
rCold   . . .        c - +0 buckler
rNeg    . . .        e - +0 chain mail
rPois   .            (helmet restricted)
rElec   .            d - +2 cloak {Stlth+}
rCorr   .            (no gloves)
SInv    +            (no barding)
Will    .....        (no amulet) Stlth
                     l - ring of see invisible {sInv, !d}
HPRegen 0.31/turn    (no ring)
MPRegen 0.11/turn

%: roll
@: unable to read
A: large, rugged brown scales 3, deformed body, armoured tail, roll, long
tongue, awkward tongue, beak, agile 1, weak 1, inability to read after injury 1
a: Renounce Religion, Heroism


You were on level 5 of the Dungeon.
You worshipped Okawaru.
Okawaru was pleased with you.
You visited 1 branch of the dungeon, and saw 5 of its levels.

You collected 269 gold pieces.

Inventory:

Hand Weapons
 h - a +1 hammer of venom (weapon)
   (You found it on level 4 of the Dungeon)
Armour
 c - a +0 buckler (worn)
 d - a +2 cloak of stealth (worn)
   (You took it off Crazy Yiuf on level 4 of the Dungeon)
 e - a +0 chain mail (worn)
   (You found it on level 1 of the Dungeon)
 m - a scarf of shadows
   (You found it on level 2 of the Dungeon)
Magical Staves
 t - a staff of earth
   (You found it on level 5 of the Dungeon)
Jewellery
 l - a ring of see invisible (left hand) {sInv, !d}
   (You found it on level 2 of the Dungeon)
Wands
 a - a wand of paralysis (15)
   (You found it on level 5 of the Dungeon)
 s - a wand of mindburst (13)
   (You found it on level 5 of the Dungeon)
Scrolls
 f - a scroll of noise {unknown}
 j - 3 scrolls of teleportation {unknown}
 k - a scroll of acquirement {unknown}
 q - a scroll of silence {unknown}
Potions
 b - 2 potions of heal wounds
 g - 2 potions of curing
 i - 2 potions of degeneration {!q}
 n - a potion of ambrosia
 o - 3 potions of magic {unknown}
 p - a potion of haste {unknown}
 r - a potion of might


   Skills:
 + Level 4.9 Fighting
 * Level 6.1 Maces & Flails
 + Level 6.5 Armour
 + Level 5.9 Shields


You had 7 spell levels left.
You didn't know any spells.
Your spell library was empty.

Dungeon Overview and Level Annotations

Branches:
Dungeon (5/15)             Temple (0/1) D:4

Altars:
Ashenzari
Fedhas
Gozag
Nemelex Xobeh
Okawaru
Ru
Uskayaw
Vehumet
Wu Jian
Zin

Shops:
D:5 =

Annotations:
D:4 3 runed translucent doors, t4s4d4r's ghost, amateur GrEE
D:5 Dowan


Innate Abilities, Weirdness & Mutations

You are completely covered in rugged brown scales. (AC +3, +7% HP)
Armour fits poorly on your strangely shaped body.
You have a long armoured tail.
You roll when moving toward enemies. (Rampage)
Your long tongue fully drains potion bottles. (2x potion effects)
Your tongue gives you trouble enunciating. (1.5x scroll delay)
You have a beak for a mouth.
You are agile. (Dex +4, Str/Int -1)
You are weak. (Str -2)
You occasionally lose the ability to read scrolls when taking damage.


Message History

You take 7 damage, and have 58/71 hp.
Warning x2: Dowan (empowered) can Haste Duvessa, and will become Hasted and cast Throw Icicle when Duvessa dies!
Duvessa (very poisoned) can hit for moderate damage in melee, and goes Berserk when Dowan dies!
You hit Duvessa.
Duvessa looks as sick as possible!
Duvessa is moderately wounded.
You block Duvessa's attack.
Dowan casts a spell.
Dowan blinks!
Lua error: [string "/dgldir/rcfiles/crawl-git/Mgcat.rc"]:930: invalid capture index You hit Duvessa.
Duvessa looks as sick as possible!
Duvessa is heavily wounded.
Duvessa hits you but does no damage.
Warning x2: Dowan (empowered) can Haste Duvessa, and will become Hasted and cast Throw Icicle when Duvessa dies!
Duvessa (extremely poisoned) can hit for moderate damage in melee, and goes Berserk when Dowan dies!
You hit Duvessa but do no damage.
You tail-slap Duvessa, but do no damage.
Duvessa is heavily wounded.
Duvessa hits you with a +0 short sword.
You take 5 damage, and have 54/71 hp.
Lua error: [string "/dgldir/rcfiles/crawl-git/Mgcat.rc"]:930: invalid capture index You hit Duvessa but do no damage.
Duvessa looks as sick as possible!
You tail-slap Duvessa.
Duvessa is severely wounded.
Duvessa hits you but does no damage. Dowan casts a spell at you.
You block the puff of frost.
Warning x2: Dowan (empowered) can Haste Duvessa, and will become Hasted and cast Throw Icicle when Duvessa dies!
Duvessa (extremely poisoned) can hit for moderate damage in melee, and goes Berserk when Dowan dies!
You hit Duvessa.
Duvessa is almost dead.
You block Duvessa's attack. Dowan hits you but does no damage.
Lua error: [string "/dgldir/rcfiles/crawl-git/Mgcat.rc"]:930: invalid capture index You hit Duvessa.
Duvessa looks as sick as possible!
Your peck misses Duvessa. You tail-slap Duvessa.
You kill Duvessa!
Okawaru accepts your kill.
Dowan seems overcome with grief.
Dowan seems to find hidden reserves of power!
You block Dowan's attack.
Dowan casts a spell.
Dowan blinks!
Your Maces & Flails skill increases to level 6!
Spoiler Alert: Dowan (fast, empowered) can Haste Duvessa, and will become Hasted and cast Throw Icicle when Duvessa dies!
You roll towards Dowan!
Dowan gestures at you while chanting. The stone arrow hits you!!
You take 19 damage, and have 36/71 hp.
MASSIVE DAMAGE!!
Lua error: [string "/dgldir/rcfiles/crawl-git/Mgcat.rc"]:930: invalid capture index You are too injured to fight recklessly!
Spoiler Alert: Dowan (fast, empowered) can Haste Duvessa, and will become Hasted and cast Throw Icicle when Duvessa dies!
You are too injured to fight recklessly!
Lua error: [string "/dgldir/rcfiles/crawl-git/Mgcat.rc"]:930: invalid capture index You are too injured to fight recklessly!
Lua error: [string "/dgldir/rcfiles/crawl-git/Mgcat.rc"]:930: invalid capture index You are too injured to fight recklessly!
Lua error: [string "/dgldir/rcfiles/crawl-git/Mgcat.rc"]:930: invalid capture index You are too injured to fight recklessly!
Spoiler Alert: Dowan (fast, empowered) can Haste Duvessa, and will become Hasted and cast Throw Icicle when Duvessa dies!
You barely miss Dowan. Your peck misses Dowan.
Your tail-slap misses Dowan.
Dowan gestures wildly while chanting.
Dowan blinks!
Dowan gestures wildly while chanting.
Dowan blinks!
Dowan is nearby!
Spoiler Alert: Dowan (fast) can Haste Duvessa, and will become Hasted and cast Throw Icicle when Duvessa dies!
You are too injured to fight recklessly!
Lua error: [string "/dgldir/rcfiles/crawl-git/Mgcat.rc"]:930: invalid capture index You are too injured to fight recklessly!
Lua error: [string "/dgldir/rcfiles/crawl-git/Mgcat.rc"]:930: invalid capture index Lua error: [string "/dgldir/rcfiles/crawl-git/Mgcat.rc"]:930: invalid capture index You block Dowan's attack.
Dowan mumbles some strange words.
Dowan blinks!
Spoiler Alert: Dowan (fast) can Haste Duvessa, and will become Hasted and cast Throw Icicle when Duvessa dies!
Lua error: [string "/dgldir/rcfiles/crawl-git/Mgcat.rc"]:930: invalid capture index Dowan casts a spell at you.
The shard of ice hits you!!
You feel threatened and lose the ability to read scrolls!
* * * LOW HITPOINT WARNING * * *
You take 22 damage, and have 16/71 hp.
MASSIVE DAMAGE!!
Spoiler Alert: Dowan (fast) can Haste Duvessa, and will become Hasted and cast Throw Icicle when Duvessa dies!
Lua error: [string "/dgldir/rcfiles/crawl-git/Mgcat.rc"]:930: invalid capture index You hit Dowan.
Dowan is poisoned.
You peck Dowan.
Dowan is lightly wounded.
Dowan casts a spell at you. The shard of ice hits you.
* * * LOW HITPOINT WARNING * * *
Dowan hits you but does no damage.
You take 3 damage, and have 14/71 hp.
Spoiler Alert: Dowan (fast, very poisoned) can Haste Duvessa, and will become Hasted and cast Throw Icicle when Duvessa dies!
You hit Dowan.
Dowan looks as sick as possible!
You peck Dowan.
Your tail-slap misses Dowan.
Dowan is moderately wounded.
Dowan hits you with a +2 dagger of electrocution.
* * * LOW HITPOINT WARNING * * *
You take 3 damage, and have 11/71 hp.
Lua error: [string "/dgldir/rcfiles/crawl-git/Mgcat.rc"]:930: invalid capture index You sock Dowan!
Dowan is heavily wounded.
Dowan hits you with a +2 dagger of electrocution.
* * * LOW HITPOINT WARNING * * *
You are electrocuted!!
You die...

#..####)# ##..# #.# ##.###.###
##.##...# #..#...# ##.....#
##....################.
##.....................
###......@......######..#
##...####.e...(..# ###...##
##...####.........###......#
##...####.......#..##........
##
##...####........##...........
.###..###
#....>.....##..........
..#..##
##...####.#.##.......#..
....##
#....####.#.###....).###
.....# ##....)..#.### #......#
#


You could see Dowan (fast, extremely poisoned).

Vanquished Creatures
  Grinder (D:4)
  Duvessa (D:5)
  An ice beast (D:4)
  A black bear (D:5)
  2 ogres
  A gnoll sergeant (D:5)
  3 hounds
  A gnoll bouda (D:3)
  Crazy Yiuf (D:4)
  2 sleepcaps (D:5)
  2 iguanas (D:5)
  An orc wizard (D:4)
  6 adders
  14 gnolls
  An ufetubus (D:5)
  12 dart slugs
  12 orcs
  7 endoplasms
  4 giant cockroaches
  5 goblins
  9 hobgoblins
  8 kobolds
  7 quokkas
  6 ball pythons
  6 bats
  4 frilled lizards
  7 rats
125 creatures vanquished.

Notes
Turn   | Place    | Note
-------+----------+-------------------------------------------
     0 | D:1      | Mgcat the Armataur Fighter began the quest for the Orb.
     0 | D:1      | Reached XP level 1. HP: 19/19 MP: 1/1
    17 | D:1      | Reached skill level 2 in Maces & Flails
    49 | D:1      | Reached XP level 2. HP: 9/26 MP: 2/2
   541 | D:1      | Reached skill level 4 in Armour
   567 | D:1      | Reached XP level 3. HP: 32/32 MP: 3/3
   569 | D:1      | Reached skill level 3 in Fighting
  1116 | D:2      | Upgraded the game from 0.30-a0-1163-gf69bf04e7a to
                  | 0.31-a0-1-g4198be8af4
  1179 | D:2      | Reached XP level 4. HP: 40/40 MP: 4/4
  1527 | D:3      | Upgraded the game from 0.31-a0-1-g4198be8af4 to
                  | 0.31-a0-4-gefa6de2278
  1807 | D:2      | Reached skill level 3 in Maces & Flails
  1808 | D:2      | HP: 8/40 [gnoll/+0 club (3)]
  2067 | D:3      | Found a blossoming altar of Fedhas.
  2124 | D:3      | Reached skill level 4 in Shields
  2278 | D:3      | Reached XP level 5. HP: 48/48 MP: 5/5
  2308 | D:3      | Found an ornate altar of the Wu Jian Council.
  2309 | D:3      | Found a sparkling altar of Nemelex Xobeh.
  2310 | D:3      | Found a radiant altar of Vehumet.
  2311 | D:3      | Found a hide-covered altar of Uskayaw.
  2311 | D:3      | Found a broken altar of Ashenzari.
  2311 | D:3      | Found a sacrificial altar of Ru.
  2312 | D:3      | Found an iron altar of Okawaru.
  2314 | D:3      | Found a glowing silver altar of Zin.
  2315 | D:3      | Found an opulent altar of Gozag.
  2318 | D:3      | Became a worshipper of Warmaster Okawaru
  2632 | D:4      | Found a runed translucent gate.
  2632 | D:4      | Found a runed translucent gate.
  2632 | D:4      | Found a runed translucent gate.
  2635 | D:4      | Noticed t4s4d4r's ghost (amateur GrEE)
  2639 | D:4      | Identified the +6 dagger of Equivalence {freeze, rElec
                  | Dex+3 SInv}
  2639 | D:4      | Identified the +3 ring mail "Arararao" {rF+ Will- Int+4}
  2717 | D:4      | Noticed an ogre
  3161 | D:4      | Reached XP level 6. HP: 23/54 MP: 6/6
  3168 | D:4      | HP: 13/54 [poisoned by an orc wizard]
  3406 | D:4      | Found a runed translucent door.
  3407 | D:4      | Noticed Crazy Yiuf
  3415 | D:4      | Gained mutation: You occasionally lose the ability to read
                  | scrolls when taking damage. [potion of mutation]
  3415 | D:4      | Gained mutation: You are weak. (Str -2) [potion of
                  | mutation]
  3415 | D:4      | Gained mutation: You have hidden genetic potential. [potion
                  | of mutation]
  3422 | D:4      | Killed Crazy Yiuf
  3423 | D:4      | Reached skill level 4 in Maces & Flails
  3423 | D:4      | Reached skill level 5 in Armour
  3850 | D:4      | Noticed Grinder
  3857 | D:4      | Paralysed by Grinder for 3 turns
  3862 | D:4      | Killed Grinder
  3862 | D:4      | Reached * piety under Okawaru
  3863 | D:4      | Reached skill level 4 in Fighting
  3863 | D:4      | Reached XP level 7. HP: 45/63 MP: 7/7
  3879 | D:4      | Gained mutation: You have a beak for a mouth. [hidden
                  | potential]
  3955 | D:4      | Reached skill level 5 in Shields
  3971 | D:4      | Found a staircase to the Ecumenical Temple.
  4152 | D:4      | Reached skill level 5 in Maces & Flails
  4225 | D:5      | Entered Level 5 of the Dungeon
  4487 | D:5      | Reached skill level 6 in Armour
  4696 | D:5      | Found Uliynn's Jewellery Shop.
  4722 | D:5      | Reached XP level 8. HP: 65/71 MP: 8/8
  4989 | D:5      | Gained mutation: You are agile. (Dex +4, Str/Int -1)
                  | [hidden potential]
  4989 | D:5      | Lost mutation: You have hidden genetic potential. [hidden
                  | potential expressed]
  5044 | D:5      | Reached ** piety under Okawaru
  5248 | D:5      | Noticed Duvessa
  5248 | D:5      | Noticed Dowan
  5262 | D:5      | Killed Duvessa
  5263 | D:5      | Reached skill level 6 in Maces & Flails
  5272 | D:5      | HP: 16/71 [Dowan/shard of ice (22)]
  5276 | D:5      | Mangled by Dowan

Illustrated notes

Levels and vault maps discovered:
D:1:      psy_arrival_dodecagon, layout_basic, minmay_tetromino_s4
D:2:      layout_rooms, chequers_serial_rivers_large_a
D:3:      layout_loops_ring, lemuel_doored_altar, minitemple
D:4:      layout_loops_ring, temple_statues, biasface_ghost_orc_armoury,
          uniq_crazy_yiuf_cottage, uniq_grinder
D:5:      kennysheep_slugbush, layout_cave_pods, corexii_checkpoint_a,
          minmay_shop_grid_forest, sigmund_edmund_badplayer, uniq_duvessa

Skill      XL: |  1  2  3  4  5  6  7  8 |
---------------+-------------------------+-----
Maces & Flails | 2 3 4 5 6 |  6.1
Armour         | 4 5 6 |  6.5
Fighting       | 3 4 |  4.9
Shields        | 4 5 |  5.9

Action                     |  1- 3 |  4- 6 |  7- 9 || total
---------------------------+-------+-------+-------++-------
  Melee: Flail             |   117 |   160 |       ||   277
         Tailslap          |     7 |    13 |    13 ||    33
         Mace              |       |    35 |    99 ||   134
         Peck              |       |       |    22 ||    22
    Use: Potion            |       |     2 |       ||     2
         Scroll            |       |     5 |       ||     5
 Armour: Scale mail        |     6 |       |       ||     6
         Chain mail        |    58 |    93 |    44 ||   195
  Dodge: Dodged            |    34 |    59 |    19 ||   112
  Block: Buckler           |    17 |    36 |    24 ||    77

Table legend: (Time is in decaauts)
 A = Elapsed time spent in this place.
 B = Non-inter-level travel time spent in this place.
 C = Inter-level travel time spent in this place.
 D = Time resting spent in this place.
 E = Time spent auto-exploring this place.
 F = Levels seen in this place.
 G = Mean time per level.
                   A        B        C        D        E       F      G
               +--------+--------+--------+--------+--------+-----+--------+
         Total |   5386 |   5213 |    173 |    962 |   3178 |   5 | 1077.2 |
       Dungeon |   5386 |   5213 |    173 |    962 |   3178 |   5 | 1077.2 |
               +--------+--------+--------+--------+--------+-----+--------+

Top non-repeatable levels by time:
     D:4: 1413 daAuts
     D:3: 1074 daAuts
     D:5: 1064 daAuts
     D:1: 987 daAuts
     D:2: 846 daAuts

Levels and vault maps discovered:
D:1:      psy_arrival_dodecagon, layout_basic, minmay_tetromino_s4
D:2:      layout_rooms, chequers_serial_rivers_large_a
D:3:      layout_loops_ring, lemuel_doored_altar, minitemple
D:4:      layout_loops_ring, temple_statues, biasface_ghost_orc_armoury,
          uniq_crazy_yiuf_cottage, uniq_grinder
D:5:      kennysheep_slugbush, layout_cave_pods, corexii_checkpoint_a,
          minmay_shop_grid_forest, sigmund_edmund_badplayer, uniq_duvessa

Table legend: (Time is in decaauts)
 A = Elapsed time spent in this place.
 B = Non-inter-level travel time spent in this place.
 C = Inter-level travel time spent in this place.
 D = Time resting spent in this place.
 E = Time spent auto-exploring this place.
 F = Levels seen in this place.
 G = Mean time per level.
                   A        B        C        D        E       F      G
               +--------+--------+--------+--------+--------+-----+--------+
         Total |   5386 |   5213 |    173 |    962 |   3178 |   5 | 1077.2 |
       Dungeon |   5386 |   5213 |    173 |    962 |   3178 |   5 | 1077.2 |
               +--------+--------+--------+--------+--------+-----+--------+

Top non-repeatable levels by time:
     D:4: 1413 daAuts
     D:3: 1074 daAuts
     D:5: 1064 daAuts
     D:1: 987 daAuts
     D:2: 846 daAuts

Table legend:
 A = Kills in this place as a percentage of kills in the entire game.
 B = Kills by you in this place as a percentage of kills by you in the entire game.
 C = Kills by friends in this place as a percentage of kills by friends in the entire game.
 D = Other kills in this place as a percentage of other kills in the entire game.
 E = Experience gained in this place as a percentage of experience gained in the entire game.
 F = Experience gained in this place divided by the number of levels of this place that you have seen.
                   A       B       C       D       E      F
               +-------+-------+-------+-------+-------+----------------------
         Total | 100.0 | 100.0 |   N/A |   N/A | 100.0 | 372.4
       Dungeon | 100.0 | 100.0 |   N/A |   N/A | 100.0 | 372.4
               +-------+-------+-------+-------+-------+----------------------
